Map: Acid Plant LE

Players

Smalltime

  • Race: Terran Terran
  • Spawn Location: 5:00

KingArthur

  • Race: Terran Terran
  • League: Platinum
  • Spawn Location: 11:00

HITMENwill

  • Race: Zerg Zerg

Samurai

  • Race: Zerg Zerg
  • League: Diamond

VOD

Have the link to the VOD?

Description

Time

  • Played on: April 14, 2018, 12:45 a.m.
  • Length: 12:15
Show
View Real Time Build Order
Export as new Build Order

Smalltime Terran 

Build Orders:  

Get SALT Encoding   

  12  0:01  SCV  
  13  0:13  SCV  
  14  0:23  Supply Depot  
  14  0:25  SCV  
  15  0:33  Refinery  
  15  0:44  SCV  
  16  0:50  Barracks  
  16  0:57  SCV  
  17  1:05  Refinery  
  17  1:09  SCV  
  18  1:21  SCV  
  19  1:33  SCV  
  19  1:39  Factory  
  20  1:45  Orbital Command  
  20  1:51  Supply Depot  
  20  1:56  Marine  
  21  2:12  SCV  
  22  2:27  Command Center  
  22  2:33  Marine  
  23  2:37  Factory Reactor  
  23  2:41  SCV  
  23  2:51  Marine  
  24  3:03  Starport  
  24  3:05  SCV  
  25  3:09  Marine  
  26  3:17  SCV  
  30  3:27  Marine  
  31  3:35  Barracks  
  28  3:48  Marine  
  29  3:52  Medivac x2  
  29  3:55  Factory Tech Lab  
  33  4:05  SCV  
  33  4:06  Marine  
  36  4:12  Orbital Command  
  36  4:17  SCV  
  36  4:23  Widow Mine  
  39  4:26  Barracks Tech Lab  
  39  4:29  SCV, Barracks Reactor  
  39  4:36  Engineering Bay  
  39  4:41  SCV  
  39  4:42  SCV  
  39  4:45  Widow Mine  
  43  4:53  SCV  
  43  4:54  SCV  
  43  4:57  Stimpack  
  45  5:03  Engineering Bay  
  45  5:05  SCV, Barracks  
  46  5:07  Barracks  
  46  5:12  Supply Depot  
  46  5:13  Supply Depot  
  46  5:26  Terran Infantry Weapons Level 1  
  46  5:31  Terran Infantry Armor Level 1  
  46  5:32  Missile Turret  
  46  5:34  Marine x2  
  48  5:36  SCV x2  
  48  5:37  Supply Depot  
  50  5:43  Missile Turret  
  50  5:50  Bunker  
  50  5:56  Marine x2  
  52  6:00  Barracks Reactor  
  52  6:01  Barracks Reactor  
  52  6:13  Marine, Medivac  
  52  6:14  Marine, Marauder  
  58  6:21  SCV x2  
  60  6:31  Refinery  
  60  6:33  SCV  
  60  6:35  Marauder  
  63  6:41  Armory  
  63  6:47  Marine x2  
  63  6:48  Marine x4  
  69  6:56  Marine  
  69  6:57  Supply Depot  
  69  6:58  Supply Depot  
  69  7:05  Marine  
  70  7:18  Marine x2, Medivac x2  
  70  7:19  Widow Mine  
  70  7:21  Supply Depot x2  
  78  7:41  Marauder  
  82  7:44  Supply Depot  
  82  7:47  Supply Depot  
  80  7:56  Siege Tank  
  83  8:02  Marauder  
  85  8:06  Refinery  
  85  8:13  Viking  
  85  8:14  Viking  
  89  8:24  Marauder  
  91  8:30  SCV  
  91  8:33  Marine x3  
  95  8:35  SCV, Marine x3  
  99  8:42  SCV  
  99  8:45  Marauder  
  99  8:47  SCV  
  102  8:50  Command Center  
  102  8:54  SCV  
  91  8:56  Command Center  
  91  8:59  Marine x2  
  91  9:00  SCV, Marine x4  
  90  9:06  SCV, Marauder  
  93  9:10  Siege Tank  
  93  9:12  SCV  
  93  9:17  Marine x4, Terran Infantry Armor Level 2  
  97  9:18  SCV, Marine x2  
  97  9:19  Liberator  
  104  9:24  Terran Infantry Weapons Level 2  
  104  9:28  Marauder  
  106  9:35  Marine x2  
  111  9:42  Siege Tank  
  114  9:49  Marauder  
  114  10:11  Marauder  
  114  10:13  Liberator x2  
  80  10:32  Marauder  
  69  10:59  Marine x4  
  69  11:00  Marine x3  
  57  11:17  Marine x6  
  57  11:18  Marine  
  22  11:35  Marine x5  
  13  11:53  Marine x2  
Show
View Real Time Build Order
Export as new Build Order

KingArthur Terran 

Build Orders:  

Get SALT Encoding   

  12  0:01  Drone  
  13  0:16  Drone  
  13  0:18  Overlord  
  14  0:47  Drone  
  15  0:50  Drone  
  15  0:51  Hatchery  
  15  0:54  Drone  
  16  1:01  Drone  
  17  1:14  Spawning Pool  
  16  1:18  Drone  
  16  1:21  Extractor  
  16  1:23  Drone  
  18  1:32  Drone  
  18  1:45  Drone  
  19  1:53  Drone  
  20  2:02  Queen  
  20  2:03  Queen  
  20  2:05  Drone  
  20  2:07  Zergling x2  
  26  2:14  Drone  
  27  2:16  Spine Crawler  
  27  2:17  Drone  
  27  2:19  Extractor  
  26  2:24  Metabolic Boost  
  27  2:37  Zergling x4  
  27  2:38  Overlord  
  28  2:56  Drone x2  
  28  2:57  Drone x2  
  28  2:58  Drone  
  33  3:01  Queen  
  35  3:08  Drone  
  35  3:10  Overlord  
  36  3:29  Roach Warren  
  36  3:30  Drone  
  36  3:32  Overlord  
  36  3:33  Overlord  
  36  3:53  Drone  
  36  3:54  Drone x5  
  41  4:10  Lair  
  41  4:19  Roach x5  
  41  4:20  Overlord x2  
  51  4:27  Extractor x2, Drone x2  
  51  4:43  Roach  
  51  4:44  Hatchery, Roach  
  54  4:50  Roach  
  54  4:51  Zergling x2, Roach  
  59  4:56  Drone x2  
  59  4:57  Drone  
  62  5:02  Drone  
  62  5:03  Drone  
  62  5:04  Drone  
  65  5:16  Drone x3  
  65  5:19  Overlord x2  
  68  5:30  Overlord x2  
  68  5:37  Queen  
  70  5:45  Drone x3  
  70  5:47  Roach x3  
  70  5:48  Zergling x2  
  80  5:50  Zergling x2  
  80  5:51  Zergling x2  
  80  5:55  Glial Reconstitution  
  82  6:03  Hydralisk Den  
  81  6:05  Zergling x6  
  81  6:06  Zergling x2  
  86  6:11  Drone, Baneling Nest  
  85  6:35  Hydralisk  
  85  6:36  Hydralisk x6  
  85  6:38  Zergling x2  
  100  6:41  Drone x2  
  102  6:48  Extractor, Drone x3  
  102  6:50  Drone  
  105  6:58  Drone  
  105  7:00  Overlord  
  105  7:01  Overlord  
  106  7:04  Grooved Spines  
  105  7:24  Evolution Chamber  
  105  7:25  Evolution Chamber  
  105  7:26  Drone x2  
  105  7:27  Drone x2  
  105  7:28  Evolution Chamber  
  106  7:41  Drone  
  106  7:42  Drone x7  
  114  7:53  Zerg Missile Weapons Level 1, Zerg Ground Armor Level 1  
  114  7:54  Zerg Melee Weapons Level 1  
  114  8:05  Centrifical Hooks  
  114  8:10  Zergling x12, Hydralisk  
  122  8:16  Muscular Augments  
  122  8:24  Overlord x5  
  122  8:25  Baneling  
  122  8:26  Baneling x4  
  122  8:35  Baneling  
  122  8:36  Baneling x5  
  122  8:40  Spire  
  121  8:42  Infestation Pit  
  121  8:46  Nydus Network  
  109  8:50  Hatchery  
  109  8:52  Hydralisk x2  
  109  8:53  Hydralisk x4  
  109  8:54  Zergling x10  
  115  9:01  Extractor  
  115  9:02  Drone x3  
  113  9:03  Drone x2  
  113  9:04  Drone  
  113  9:05  Zergling x2  
  113  9:06  Zergling x2  
  117  9:24  Drone x2  
  119  9:25  Zergling x8  
  119  9:26  Zergling x6  
  119  9:27  Hydralisk  
  119  9:29  Hydralisk x2  
  132  9:48  Spire  
  131  9:57  Spore Crawler  
  130  10:00  Hydralisk  
  130  10:01  Hydralisk x10  
  130  10:04  Zergling x2  
  130  10:06  Overlord  
  152  10:13  Extractor  
  138  10:18  Extractor  
  133  10:36  Zergling x24  
  145  10:44  Hive  
  142  10:56  Corruptor x3  
  141  10:57  Corruptor  
  141  11:04  Corruptor  
  143  11:20  Drone x9  
  143  11:21  Drone x5  
  143  11:24  Corruptor  
Show
View Real Time Build Order
Export as new Build Order

HITMENwill Zerg 

Build Orders:  

Get SALT Encoding   

Show
View Real Time Build Order
Export as new Build Order

Samurai Zerg 

Build Orders:  

Get SALT Encoding   

Tags
 
Add a new tag
Caveats
  • Supply blocks, unpowered buildings, or Contaminate may cause inaccurate times.
  • Supply counts are checked every 10 seconds.